 Dungeon Crawl Stone Soup version 0.20-a0-1116-gaa52201 (webtiles) character file.

1163 mcbry the Spear-Bearer (level 8, -2/61 HPs)
             Began as a Merfolk Chaos Knight on May 8, 2017.
             Slain by salapander's ghost (11 damage)
             ... on level 6 of the Dungeon.
             The game lasted 00:39:30 (6841 turns).

mcbry the Spear-Bearer (Merfolk Chaos Knight)       Turns: 6841, Time: 00:39:32

Health: -2/61      AC:  5    Str: 14    XL:     8   Next: 40%
Magic:  7/7        EV: 14    Int: 13    God:    Xom [...*..]
Gold:   227        SH:  0    Dex: 14    Spells: 6/7 levels left

rFire    . . .     SeeInvis .   a - +0 spear (chaos)
rCold    . . .     Gourm    .   (no shield)
rNeg     . . .     Faith    .   h - +0 leather armour (curse)
rPois    +         Spirit   .   (helmet restricted)
rElec    .         Reflect  .   i - +0 cloak
rCorr    .         Harm     .   (no gloves)
MR       .....                  f - +0 pair of boots (curse)
Stlth    +++.......             m - amulet of regeneration
Regen    0.6/turn               (no ring)
MPRegen  0.1/turn               (no ring)

@: no status effects
A: change form in water, swift swim, stealthy swim, antennae 1, blink, clever 1,
deformed body, low mp 1, mutation resistance 1, poison resistance, shaggy fur 1,
wild magic 1
a: Blink, Renounce Religion


You were on level 6 of the Dungeon.
You worshipped Xom.
You were a favourite toy of Xom.
You were not hungry.

You visited 1 branch of the dungeon, and saw 6 of its levels.

You collected 227 gold pieces.

Inventory:

Hand Weapons
 a - a +0 spear of chaos (weapon)
 d - a +0 hunting sling
 w - a +0 halberd
Missiles
 j - 8 poisoned needles
 o - 27 bolts
Armour
 b - a +2 leather armour
 f - a cursed +0 pair of boots (worn)
 h - a cursed +0 leather armour (worn)
 i - a +0 cloak (worn)
 l - a scarf of spirit shield
 r - a +1 pair of boots
Jewellery
 m - an amulet of regeneration (around neck)
Wands
 p - a wand of enslavement (2/24)
 u - a wand of iceblast (6/15)
Scrolls
 q - 2 scrolls of identify
Potions
 g - 2 potions of curing
Books
 t - a book of Changes

   Spells                             Type                      Level
   a - Beastly Appendage              Transmutation                1
   b - Sticks to Snakes               Transmutation                2
   c - Spider Form                    Transmutation/Poison         3
   d - Ice Form                       Ice/Transmutation            4
   e - Blade Hands                    Transmutation                5
 v - a book of Necromancy

   Spells                             Type                      Level
   a - Pain                           Necromancy                   1
   b - Animate Skeleton               Necromancy                   1
   c - Vampiric Draining              Necromancy                   3
   d - Regeneration                   Charms/Necromancy            3
   e - Animate Dead                   Necromancy                   4
   f - Control Undead                 Necromancy                   4
Comestibles
 c - 2 bread rations
 k - 3 royal jellies
 n - 2 fruits
 s - a meat ration


   Skills:
 + Level 4.5 Fighting
 + Level 8.2 Polearms
 * Level 4.6 Throwing
 + Level 2.3 Armour
 + Level 4.7 Dodging
 + Level 4.8 Stealth
 + Level 0.4 Evocations


You had 6 spell levels left.
You knew the following spells:

 Your Spells              Type           Power        Failure   Level  Hunger
a - Pain                  Necr           #...         45%         1    ##.....


Dungeon Overview and Level Annotations

Branches:
Dungeon (6/15)
 Temple: D:4-7

Altars:
Nemelex Xobeh
Trog
Xom

Annotations:
D:6 salapander's ghost, novice HOBe


Innate Abilities, Weirdness & Mutations

You revert to your normal form in water.
You are very nimble and swift while swimming.
You are very stealthy in the water. (Stealth+)
You have a pair of small antennae on your head.
You can translocate small distances at will.
Your mind is acute. (Int +2)
Armour fits poorly on your strangely shaped body.
Your magical capacity is low. (-10% MP)
You are somewhat resistant to further mutation.
Your system is resistant to poisons. (rPois)
You are covered in fur. (AC +1)
Your spells are a little harder to cast, but a little more powerful.


Message History

Your crimson imp hits salapander's ghost but does no damage.
You hit salapander's ghost.
Salapander's ghost is severely damaged.
Salapander's ghost hits you.
Your crimson imp hits salapander's ghost.
You strike the helpless salapander's ghost from behind!
You hit salapander's ghost but do no damage.
Salapander's ghost is almost destroyed.
Salapander's ghost hits you!
* * * LOW HITPOINT WARNING * * *
Evoke which item? (* to show all) (? for menu, Esc to quit)
Aiming: Iceblast
Press: ? - help, Shift-Dir - straight line, p - salapander's ghost The mass of ice explodes!
The iceblast engulfs salapander's ghost.
Salapander's ghost is almost destroyed.
This wand has 6 charges left.
Salapander's ghost closely misses you.
Your crimson imp hits salapander's ghost.
Salapander's ghost hits you!
You die...

... ..
...###########'###
#.................
#.................
#.................
#...........).....
+.......5W........
#....((..@.)......
..##+######'######
.+ #


You could see salapander's ghost and a friendly crimson imp.

Vanquished Creatures
  An orc warrior (D:6)
  A boggart (D:5)
  An ogre (D:4)
  Blork the orc (D:5)
  A bullfrog (D:3)
  A water moccasin skeleton (D:5)
  A crimson imp (D:5)
  A bullfrog zombie (D:5)
  4 hounds
  2 orc priests (D:5)
  Crazy Yiuf (D:2)
  4 orc wizards (D:5)
  2 iguanas (D:4)
  5 worker ants
  9 adders
  An ooze (D:1)
  An adder skeleton (D:5)
  2 worms
  4 dart slugs
  9 leopard geckos
  9 orcs
  7 bats
  3 giant cockroaches
  9 goblins
  9 hobgoblins
  11 jackals
  3 quokkas
  A ball python (D:1)
  5 frilled lizards
  A jackal skeleton (D:4)
  11 kobolds
  9 rats
130 creatures vanquished.

Vanquished Creatures (others)
  A wizard (D:3)
  An orc priest (D:5)
2 creatures vanquished.

Grand Total: 132 creatures vanquished

Notes
Turn   | Place    | Note
-------+----------+-------------------------------------------
     0 | D:1      | mcbry the Merfolk Chaos Knight began the quest for the Orb.
     0 | D:1      | Reached XP level 1. HP: 18/18 MP: 1/1
    72 | D:1      | XOM: silly message
   203 | D:1      | XOM: butterfly on damage
   493 | D:1      | Reached skill level 1 in Throwing
   496 | D:1      | Reached XP level 2. HP: 11/24 MP: 2/2
   964 | D:1      | Reached XP level 3. HP: 29/29 MP: 3/3
  1134 | D:1      | Reached skill level 1 in Stealth
  1135 | D:1      | XOM: harmless Summ miscast
  1208 | D:1      | XOM: divination: detect creatures
  1242 | D:1      | XOM: give mutations
  1242 | D:1      | Gained mutation: Your system is resistant to poisons. (rPois) [Xom's grace]
  1242 | D:1      | Gained mutation: Your mind is acute. (Int +2) [Xom's grace]
  1247 | D:1      | Reached skill level 5 in Polearms
  1515 | D:1      | XOM: divination: detect creatures
  1568 | D:1      | XOM: give mutations
  1568 | D:1      | Gained mutation: You are robust. (+10% HP) [Xom's grace]
  1568 | D:1      | Gained mutation: Your spells are a little harder to cast, but a little more powerful. [Xom's grace]
  1568 | D:1      | Gained mutation: You can translocate small distances at will. [Xom's grace]
  1678 | D:1      | XOM: scenery: create altars
  1804 | D:2      | Reached XP level 4. HP: 37/38 MP: 4/4
  1828 | D:2      | XOM: cloud trail
  1959 | D:2      | Reached skill level 1 in Armour
  2066 | D:2      | Found a runed door.
  2070 | D:2      | Noticed Crazy Yiuf
  2079 | D:2      | Killed Crazy Yiuf
  2079 | D:2      | Reached XP level 5. HP: 33/45 MP: 5/5
  2467 | D:2      | XOM: give mutations
  2467 | D:2      | Gained mutation: You have a pair of small antennae on your head. [Xom's grace]
  2467 | D:2      | Gained mutation: You are covered in fur. (AC +1) [Xom's grace]
  2467 | D:2      | Gained mutation: You are somewhat resistant to further mutation. [Xom's grace]
  2467 | D:2      | Gained mutation: You passively map a small area around you. [Xom's grace]
  2940 | D:2      | XOM: god gift: 15 gold pieces
  2954 | D:2      | XOM: 2-stop teleportation journey
  3211 | D:3      | XOM: god gift: 27 bolts
  3261 | D:3      | XOM: 1-stop teleportation journey
  3291 | D:3      | Found a bloodstained altar of Trog.
  3292 | D:3      | Noticed a wizard
  3298 | D:3      | Killed a wizard
  3394 | D:3      | Reached XP level 6. HP: 49/52 MP: 6/6
  3445 | D:3      | XOM: cloud trail
  3461 | D:3      | Lost mutation: You passively map a small area around you. [mutagenic glow]
  3525 | D:3      | Gained mutation: Your magical capacity is low. (-10% MP) [mutagenic glow]
  3616 | D:3      | Gained mutation: Armour fits poorly on your strangely shaped body. [mutagenic glow]
  3657 | D:3      | Lost mutation: You are robust. (+10% HP) [mutagenic glow]
  3908 | D:4      | XOM: cleaving
  3913 | D:4      | Reached skill level 6 in Polearms
  4467 | D:4      | Reached XP level 7. HP: 46/54 MP: 6/6
  5603 | D:4      | XOM: divination: detect creatures
  5617 | D:5      | Entered Level 5 of the Dungeon
  5678 | D:5      | XOM: harmless Necr miscast
  5724 | D:5      | Reached skill level 7 in Polearms
  5790 | D:5      | Learned a level 1 spell: Beastly Appendage
  5798 | D:5      | XOM: harmless Summ miscast
  5843 | D:5      | Noticed Blork the orc
  5851 | D:5      | XOM: enchant monster (good)
  5891 | D:5      | Killed Blork the orc
  5960 | D:5      | XOM: summons friendly quasit
  6126 | D:5      | Reached XP level 8. HP: 58/60 MP: 7/7
  6203 | D:5      | XOM: enchant monster (good)
  6418 | D:5      | XOM: stat loss: -1 Str (13/14)
  6573 | D:5      | Found a sparkling altar of Nemelex Xobeh.
  6597 | D:5      | XOM: polymorph orc wizard -> boggart
  6602 | D:5      | XOM: confuse monster(s)
  6604 | D:5      | Reached skill level 8 in Polearms
  6641 | D:5      | Learned a level 1 spell: Pain
  6753 | D:6      | XOM: butterfly on damage
  6811 | D:6      | Noticed salapander's ghost (novice HOBe)
  6823 | D:6      | XOM: summons friendly crimson imp
  6832 | D:6      | XOM: scenery: 2 doors open, 1 doors close
  6841 | D:6      | Slain by salapander's ghost

Vault maps used:
D:1:      minmay_arrival_shattered_statue, minivault_4
D:2:      minmay_splitting_lines, uniq_crazy_yiuf_cottage
D:3:      wad_crossroads, trog_wizard
D:4:      first_bread
D:5:      nemelex_diamond_rough_becter, uniq_blork_the_orc
D:6:      minmay_temple_entry_poolview, serial_shops, nicolae_shop_crystal,
          lemuel_oklob_altar

Skill      XL: |  1  2  3  4  5  6  7  8 |
---------------+-------------------------+-----
Throwing       | 1 2 3 4 |  4.6
Dodging        | 3 4 |  4.7
Stealth        | 1 2 3 4 |  4.8
Polearms       | 5 6 7 8 |  8.2
Armour         | 1 2 |  2.3
Fighting       | 4 |  4.5
Evocations     | |  0.4

Action                   |  1- 3 |  4- 6 |  7- 9 || total
-------------------------+-------+-------+-------++-------
Melee: Spear             |   128 |   177 |   213 ||   518
 Fire: Hunting sling     |     2 |       |       ||     2
Throw: Stone             |     3 |       |       ||     3
       Tomahawk          |       |       |     9 ||     9
 Abil: Blink             |       |     2 |       ||     2
Evoke: Wand              |       |     1 |     8 ||     9
  Use: Scroll            |     2 |     3 |     2 ||     7
       Potion            |       |     3 |     3 ||     6
 Stab: Sleeping          |     8 |     9 |     5 ||    22
       Paralysed         |     4 |     1 |     9 ||    14
       Petrifying        |       |     1 |       ||     1
       Petrified         |       |     1 |       ||     1
       Confused          |       |       |     6 ||     6
       Distracted        |       |       |     3 ||     3
  Eat: Chunk             |     3 |     1 |     2 ||     6
       Bread ration      |       |     1 |     1 ||     2
       Meat ration       |       |     1 |       ||     1
       Fruit             |       |       |     1 ||     1
Armor: Leather armour    |    33 |    49 |    20 ||   102
Dodge: Dodged            |    56 |   116 |    90 ||   262
